AoeStats
← frizboum

Black Forest

515335346Analyzed
3v3 RM · 16d ago on Oct 21, 2026· 50m 49s· 6 players
Game mode
Random Map
Map size
Normal (6 player)
Population
200
Speed
Normal
Resources
Standard
Victory
Conquest
Starting age
Dark Age
Ending age
Imperial Age
RankedLock teamsTeams togetherTeam positionsShared explorationLock speedFull tech treeHidden civsTurbo modeCheats
Victory
Defeat
🇺🇸 Saracens · United States
794
+8
🇫🇷 Celts · France
764
+9
🇬🇧 Persians · United Kingdom
723
+11
vs
🇦🇷 Vikings · Argentina
716
-32
🇦🇷 Franks · Argentina
707
-31
🇦🇷 Britons · Argentina
393
-4
ALT1221
0:47 Loom
11:27 Feudal Age
12:44 Wheelbarrow
11:58 Double-Bit Axe
11:58 Horse Collar
16:41 Town Watch
25:08 Castle Age
25:58 Stone Mining
26:31 Hand Cart
27:54 Fervor
27:57 Caravan
28:26 Heavy Plow
30:13 Bow Saw
32:07 Fortified Wall
31:54 Murder Holes
31:58 Gold Mining
34:46 Imperial Age
33:22 Ballistics
34:31 Forging
34:27 Scale Barding Armor
34:12 Fletching
38:04 Two-Man Saw
37:33 Block Printing
38:32 Chemistry
37:18 Arrowslits
38:51 Conscription
37:52 Elite Mameluke
39:14 Thumb Ring
39:51 Iron Casting
39:37 Chain Barding Armor
39:13 Bodkin Arrow
39:50 Masonry
40:39 Counterweights
40:58 Town Patrol
42:10 Blast Furnace
49:39 Husbandry
49:49 Bloodlines
50:21 Plate Barding Armor
49:47 Bracer
PersianStallion
14:04 Feudal Age
15:17 Wheelbarrow
14:31 Double-Bit Axe
16:27 Horse Collar
19:07 Gold Mining
24:46 Castle Age
23:35 Stone Mining
25:39 Hand Cart
25:27 Heavy Plow
26:05 Gold Shaft Mining
26:07 Stone Shaft Mining
29:26 Caravan
34:13 Bow Saw
38:22 Imperial Age
38:14 Forging
38:05 Scale Mail Armor
38:10 Scale Barding Armor
37:55 Fletching
38:05 Padded Archer Armor
38:54 Kamandaran
39:32 Hoardings
39:13 Citadels
41:58 Heavy Scorpion
41:59 Capped Ram
43:18 Elite War Elephant
43:27 Elite War Elephant
46:48 Iron Casting
46:28 Chain Mail Armor
46:33 Chain Barding Armor
46:08 Bodkin Arrow
46:28 Leather Archer Armor
46:55 Siege Ram
47:23 Arson
47:39 Squires
46:59 Pikeman
47:25 Gambesons
49:57 Blast Furnace
49:27 Plate Mail Armor
frizboum
0:42 Loom
13:47 Feudal Age
14:36 Double-Bit Axe
14:34 Horse Collar
16:21 Fishing Lines
20:09 Wheelbarrow
23:55 Castle Age
22:21 Scale Mail Armor
22:25 Fletching
24:19 Gold Mining
24:21 Stone Mining
24:53 Heavy Plow
25:07 Bow Saw
25:37 Hand Cart
26:33 Stone Shaft Mining
26:33 Gold Shaft Mining
30:20 Pikeman
30:49 Arson
31:48 Hand Cart
36:41 Imperial Age
35:25 Forging
35:31 Chain Mail Armor
37:10 Iron Casting
36:30 Bodkin Arrow
37:14 Capped Ram
37:29 Elite Woad Raider
38:29 Conscription
37:33 Halberdier
38:45 Plate Mail Armor
39:19 Blast Furnace
38:50 Siege Ram
40:11 Ballistics
41:19 Chemistry
40:16 Murder Holes
40:10 Arrowslits
40:47 Fortified Wall
49:22 Furor Celtica
JON SNOW8990
12:55 Feudal Age
13:33 Town Watch
15:44 Wheelbarrow
14:45 Man-at-Arms
16:05 Double-Bit Axe
16:25 Arson
18:19 Fletching
18:30 Padded Archer Armor
19:31 Loom
25:55 Castle Age
24:12 Horse Collar
24:34 Stone Mining
25:46 Forging
29:22 Gold Mining
28:55 Pikeman
29:23 Gambesons
29:40 Squires
29:02 Long Swordsman
30:47 Gold Shaft Mining
30:27 Bow Saw
30:44 Heavy Plow
30:09 Crossbowman
36:37 Hand Cart
36:24 Town Patrol
37:35 Loom
39:26 Leather Archer Armor
39:07 Bodkin Arrow
39:49 Iron Casting
40:49 Yeomen
48:35 Imperial Age
RebelChimp8483
10:41 Feudal Age
13:59 Double-Bit Axe
14:01 Horse Collar
23:38 Fletching
23:51 Padded Archer Armor
31:51 Castle Age
34:24 Light Cavalry
38:07 Scale Mail Armor
41:15 Forging
nachocuervo5943
19:52 Feudal Age
20:44 Loom
22:04 Wheelbarrow
32:54 Town Watch
34:27 Fishing Lines
34:19 Man-at-Arms
35:45 Double-Bit Axe
35:53 Gold Mining
35:53 Stone Mining
37:31 Arson
Connection lost

Rejoining the realm…

Still unreachable

The connection could not be restored.

Session expired

The server has moved on; the page needs a fresh start.